 Dungeon Crawl Stone Soup version 0.24.1-8-ga250c9d538 (webtiles) character file.

Game seed: 5945531499757823577, levelgen mode: deterministic

582609 nightchill the Slayer (level 27, -15/190 HPs)
             Began as a Gargoyle Fighter on Apr 27, 2020.
             Was a High Priest of Okawaru.
             Demolished by an enormous slime creature (63 damage)
             ... on level 4 of the Pits of Slime on May 3, 2020.
             The game lasted 08:01:36 (83686 turns).

nightchill the Slayer (Gargoyle Fighter)           Turns: 83686, Time: 08:01:37

Health: -15/190    AC: 41    Str: 30    XL:     27
Magic:  10/38      EV: 18    Int: 12    God:    Okawaru [*****.]
Gold:   2290       SH:  0    Dex: 17    Spells: 21/48 levels left

rFire    + . .     SeeInvis .   a - +9 demon whip (elec)
rCold    + . .     Gourm    .   (no shield)
rNeg     + . .     Faith    .   X - +3 scale mail of Bayk {+Fly rElec rF+}
rPois    ∞         Spirit   .   p - +1 hat {MR+}
rElec    +         Reflect  .   O - scarf {repulsion}
rCorr    +         Harm     .   i - +0 pair of gloves of Pragmatism {+Inv Str+4}
MR       +++..                  Q - +2 pair of boots of the Assassin {Detection Stab+ Stlth++}
Stlth    +++++++...             l - amulet "Eguczeet" {Acrobat Dex+8}
HPRegen  0.41/turn              S - ring of resist corrosion
MPRegen  0.26/turn              F - ring of protection from cold

@: very slightly contaminated, repel missiles
A: big wings, blurry vision 1, dopey 1, negative energy resistance 1,
electricity resistance, weak 1, unbreathing, petrification resistance, rot
immunity, MP-powered wands, AC +20
}: 3/15 runes: decaying, silver, gossamer
a: Fly, Heroism, Finesse, Renounce Religion, Evoke Invisibility, Evoke Flight


You were on level 4 of the Pits of Slime.
You worshipped Okawaru.
Okawaru was extremely pleased with you.
You were not hungry.

You visited 10 branches of the dungeon, and saw 50 of its levels.
You visited 1 bazaar.
You also visited: Trove, Bailey and Ice Cave.

You collected 6221 gold pieces.
You spent 3931 gold pieces at shops.

Inventory:

Hand Weapons
 a - a +9 demon whip of electrocution (weapon)
 b - the +5 eveningstar of Tenacity {antimagic, +Fly rN++ Str+2}
   (You acquired it on level 15 of the Dungeon)

   It reduces the magical energy of the wielder, and disrupts the spells and
   magical abilities of those hit.
   Natural abilities and divine invocations are not affected.
   It affects your strength (+2).
   It greatly protects you from negative energy.
   It lets you fly.
 s - a +6 sacred scourge of holy wrath
 x - the +7 longbow of Forced Transition {speed, rC- Str+7 Dex+4 Stlth-}
   (You found it in a treasure trove)

   Attacks with this weapon are significantly faster.
   It affects your strength (+7).
   It affects your dexterity (+4).
   It makes you vulnerable to cold.
   It makes you less stealthy.
 T - the +7 sceptre of Torment {pain, torment}
   (You found it in a treasure trove)

   In the hands of one skilled in necromantic magic, it inflicts extra damage on
   living creatures.
Missiles
 e - 30 curare-tipped darts (quivered)
 v - 179 arrows
Armour
 c - a +5 shield of reflection
 i - the +0 pair of gloves of Pragmatism (worn) {+Inv Str+4}
   (You acquired it on level 15 of the Dungeon)

   It affects your strength (+4).
   It lets you turn invisible.
 p - a +1 hat of magic resistance (worn)
 C - the +1 scale mail of the Battered People {rElec rPois MR+ Regen+}
   (You found it on level 4 of the Depths)

   It insulates you from electricity.
   It protects you from poison.
   It affects your resistance to hostile enchantments.
   It increases your rate of regeneration.
 O - a scarf of repulsion (worn)
 Q - the +2 pair of boots of the Assassin (worn) {Detection Stab+ Stlth++}
   (You acquired it on level 15 of the Dungeon)

   It makes you much more stealthy.
 X - the +3 scale mail of Bayk (worn) {+Fly rElec rF+}
   (You found it on level 6 of the Lair of Beasts)

   It protects you from fire.
   It insulates you from electricity.
   It lets you fly.
Jewellery
 l - the amulet "Eguczeet" (around neck) {Acrobat Dex+8}
   (You bought it in a shop in a bazaar)

   [amulet of the acrobat]

   It helps you evade while moving and waiting.
   It affects your dexterity (+8).
 r - an uncursed ring of positive energy
 u - an uncursed ring of protection from magic
 z - an uncursed ring of protection from fire
 F - a ring of protection from cold (right hand)
 G - the ring "Vaer" {Wiz Int+4}
   (You found it on level 5 of the Vaults)

   [ring of wizardry]

   It improves your spell success rate.
   It affects your intelligence (+4).
 S - a ring of resist corrosion (left hand)
Wands
 o - a wand of disintegration (10)
 y - a wand of polymorph (10)
 B - a wand of digging (10)
 D - a wand of acid (26)
 P - a wand of enslavement (30)
 R - a wand of paralysis (20)
 U - a wand of scattershot (4)
 W - a wand of iceblast (15)
 Y - a wand of clouds (5)
Scrolls
 h - 23 scrolls of remove curse
 j - a scroll of identify
 m - 12 scrolls of teleportation
 q - 4 scrolls of fear
 A - 2 scrolls of blinking
 H - 9 scrolls of immolation
 K - a scroll of summoning
 M - 5 scrolls of magic mapping
 N - 7 scrolls of fog
Potions
 d - 6 potions of might
 k - 2 potions of cancellation
 n - 3 potions of agility
 t - 19 potions of curing
 w - 3 potions of invisibility
 E - 4 potions of brilliance
 I - 2 potions of haste
 J - 7 potions of resistance
Miscellaneous
 g - a phial of floods
 L - a lightning rod (4/4)
 Z - a lamp of fire
Comestibles
 f - 50 rations


   Skills:
 + Level 24.1 Fighting
 - Level 16.0 Maces & Flails
 - Level 2.0 Throwing
 - Level 17.5 Armour
 - Level 10.7 Dodging
 + Level 16.0 Stealth
 - Level 15.0 Shields
 - Level 11.2 Spellcasting
 - Level 13.3 Hexes
 - Level 8.5 Summonings
 - Level 3.6 Translocations
 - Level 3.0 Transmutations
 - Level 7.0 Air Magic
 - Level 6.0 Earth Magic
 - Level 10.0 Invocations
 + Level 13.8 Evocations


You had 21 spell levels left.
You knew the following spells:

 Your Spells              Type           Power        Failure   Level  Hunger
a - Passwall              Tmut/Erth      ###.....     4%          2    None
b - Silence               Hex/Air        ####......   7%          5    #####..
c - Tukima's Dance        Hex            #####...     1%          3    #......
d - Darkness              Hex            #####.....   11%         6    ######.
e - Summon Butterflies    Summ           ####....     1%          1    None
f - Summon Mana Viper     Hex/Summ       ####....     5%          5    #####..
g - Blink                 Tloc           N/A          6%          2    None
h - Portal Projectile     Hex/Tloc       ####..       1%          3    #......

Your spell library contained the following spells:

 Spells                   Type           Power        Failure   Level  Hunger
 Confusing Touch          Hex            #####.       1%          1    None
 Corona                   Hex            #####..      1%          1    None
 Sandblast                Erth           ###...       1%          1    None
 Summon Small Mammal      Summ           ####         1%          1    None
 Call Imp                 Summ           ####....     1%          2    None
 Ensorcelled Hibernation  Hex/Ice        ###...       1%          2    None
 Slow                     Hex            #####...     1%          2    None
 Call Canine Familiar     Summ           ####....     1%          3    #......
 Confuse                  Hex            #####...     1%          3    #......
 Summon Guardian Golem    Hex/Summ       ####....     1%          3    #......
 Cause Fear               Hex            #####.....   1%          4    ###....
 Dazzling Spray           Conj/Hex       ###...       3%          3    #......
 Inner Flame              Hex/Fire       ###.....     3%          3    #......
 Leda's Liquefaction      Hex/Erth       ####......   3%          4    ###....
 Beastly Appendage        Tmut           ##....       4%          1    None
 Poisonous Vapours        Pois/Air       ###...       6%          2    None
 Summon Lightning Spire   Summ/Air       ####....     7%          4    ###....
 Sticks to Snakes         Tmut           ##......     8%          2    None
 Fulminant Prism          Conj/Hex       ###.......   11%         4    ###....
 Gell's Gravitas          Tloc           ###.......   12%         3    #......
 Static Discharge         Conj/Air       ###.....     12%         3    #......
 Stone Arrow              Conj/Erth      ##....       16%         3    #......
 Yara's Violent Unravell  Hex/Tmut       ####......   16%         5    #####..
 Animate Skeleton         Necr           N/A          17%         1    None
 Flame Tongue             Conj/Fire      #....        17%         1    None
 Magic Dart               Conj           #...         17%         1    None
 Pain                     Necr           #...         17%         1    None
 Sting                    Conj/Pois      #...         17%         1    None
 Mephitic Cloud           Conj/Pois/Air  ##......     21%         3    #......
 Searing Ray              Conj           #.....       26%         2    None
 Throw Flame              Conj/Fire      #.....       26%         2    None
 Spider Form              Tmut/Pois      ##........   26%         3    #......
 Petrify                  Tmut/Erth      ###.....     26%         4    ###....
 Summon Ice Beast         Ice/Summ       ###.....     30%         4    ###....
 Metabolic Englaciation   Hex/Ice        ###.......   30%         5    #####..
 Ignite Poison            Fire/Tmut/Pois #.......     34%         3    #......
 Lee's Rapid Deconstruct  Erth           ###.......   36%         5    #####..
 Conjure Flame            Conj/Fire      #.......     45%         3    #......
 Regeneration             Chrm/Necr      #.........   45%         3    #......
 Vampiric Draining        Necr           #.........   45%         3    #......
 Shadow Creatures         Summ           N/A          61%         6    ######.
 Force Lance              Conj/Tloc      ##......     63%         4    ###....
 Ice Form                 Ice/Tmut       ##......     65%         4    ###....
 Lightning Bolt           Conj/Air       ###.......   73%         5    #####..
 Blade Hands              Tmut           ##........   80%         5    #####..
 Borgnjor's Vile Clutch   Necr/Erth      ##........   80%         5    #####..
 Animate Dead             Necr           N/A          86%         4    ###....
 Iskenderun's Mystic Bla  Conj           #.......     86%         4    ###....
 Olgreb's Toxic Radiance  Pois           #.......     86%         4    ###....
 Sticky Flame             Conj/Fire      #.......     86%         4    ###....
 Throw Icicle             Conj/Ice       #.......     86%         4    ###....
 Fireball                 Conj/Fire      #.........   99%         5    #####..
 Venom Bolt               Conj/Pois      #.........   99%         5    #####..
 Summon Hydra             Summ           ####......   99%         7    #######
 Bolt of Fire             Conj/Fire      #.........   100%        6    ######.
 Freezing Cloud           Conj/Ice/Air   ##........   100%        6    ######.
 Ring of Flames           Chrm/Fire      #.........   100%        7    #######
 Ignition                 Fire           #.........   100%        8    #######
 Shatter                  Erth           ###.......   100%        9    #######
 Tornado                  Air            ###.......   100%        9    #######


Dungeon Overview and Level Annotations

Branches:
Dungeon (15/15)            Temple (0/1) D:5            Lair (6/6) D:11
  Swamp (4/4) Lair:4       Spider (4/4) Lair:2        Slime (5/5) Lair:6
    Orc (2/2) D:10            Elf (3/3) Orc:2        Vaults (5/5) D:13
  Crypt (1/3) Vaults:2     Depths (5/5) D:15            Zot (0/5) Depths:5
 Bailey (visited)           IceCv (visited)

Altars:
Ashenzari
Cheibriados
Dithmenos
Elyvilon
Fedhas
Kikubaaqudgha
Nemelex Xobeh
Okawaru
Qazlal
Ru
Trog
Uskayaw
Wu Jian
Yredelemnul
Zin
The Shining One
Jiyva
Lugonu

Shops:
D:9 }   D:12 *}*   Orc:2 *(*=[   Vaults:4 *   Depths:1 [   Depths:4 }=}=
Depths:5 (

Portals:
Hell: Depths:1 Depths:2 Depths:3 Depths:4 Depths:5
Abyss: Depths:2 Depths:4 Depths:5
Pandemonium: Depths:2 Depths:3 Depths:4 Depths:5
Ziggurat: Depths:1

Annotations:
D:2 1 runed translucent door, exclusion: door, Crazy Yiuf
D:8 4 runed translucent doors
D:13 exclusion: downstairs
Lair:5 exclusion: oklob plant
Swamp:1 Roxanne
Swamp:3 1 runed translucent door, Nebesus's ghost, adept GrFi
Swamp:4 2 exclusions
Spider:2 exclusion: downstairs
Spider:3 1 exclusion
Spider:4 2 exclusions
Slime:4 exclusion: downstairs
Slime:5 Royal Jelly
Elf:1 6 runed translucent doors
Elf:2 !st roka, exclusion: 5 doors, Saint Roka
Vaults:2 exclusions: door and orange crystal statue
Vaults:4 3 runed translucent doors, exclusion: downstairs, Dacon's ghost, adept MiGl; Plog's ghost, adept CeCj
Vaults:5 !vault 5!!
Depths:1 exclusion: 2 downstairs
Depths:2 exclusion: downstairs
Depths:3 !careful jugger, 3 exclusions
Depths:5 exclusion: 6 doors


Innate Abilities, Weirdness & Mutations

You are resistant to torment.
Your stone body is resilient. (AC +20)
You are immune to poison.
Your large and strong wings let you fly indefinitely.
You resist negative energy. (rN+)
You are resistant to electric shocks. (rElec)
You can survive without breathing.
You are immune to petrification.
You are immune to rotting.
Scrolls take you a little longer to read.
You are dopey. (Int -2)
You are weak. (Str -2)
You expend magic power (3 MP) to strengthen your wands.


Message History

You feel much better. The golden eye blinks at you.
You resist with almost no effort.
The great orb of eyes bites you but does no damage.
The death ooze hits you but does no damage.
The death ooze barely misses you. The slime creature hits you.
* * * LOW HITPOINT WARNING * * *
The eye of draining gazes at you.
You feel your power leaking away.
The golden eye blinks!
The slime creature misses you.
The death ooze hits you but does no damage.
The death ooze completely misses you.
Two slime creatures merge to form a very large slime creature.
The golden eye blinks at you. You resist with almost no effort.
Two slime creatures merge to form an enormous slime creature.
The death ooze completely misses you. The death ooze closely misses you.
There is a stone staircase leading up here.
The enormous slime creature hits you!!!
You die...

###. ## ## .#.. ##.##
.........##J..
.....#..##..### #
#....#......#.#### ..
#..............#.#...
#...G..##..#.....#.#
###..................
##.##...J@..J.........
#...#...JG.#........#.
#.....J.J^....#.....#
#.............##..... .###.##
#.....J....J.....G..G
#.....####.#J...#..>.........
.......#####..J#.............
#.....##.##...#.#J.G.........
.#....#....#.#.............#


You could see a great orb of eyes, an enormous slime creature, a large slime
creature, 6 slime creatures, 2 death oozes, an eye of draining and a golden eye.

Vanquished Creatures
  Mennas (Depths:2)
  3 ancient liches
  2 juggernauts
  Sojobo (Vaults:2)
  Frederick (Vaults:4)
  the Lernaean hydra (Swamp:4)
  12 caustic shrikes
  Nikola (Spider:4)
  Arachne (Spider:3)
  2 golden dragons
  A bone dragon (Depths:5)
  3 tentacled monstrosities
  The ghost of Felexzeo the Severer, an adept NaFi of Cheibriados (Swamp:2)
  Asterion (Spider:4)
  A deep elf blademaster (Elf:2)
  3 liches
  5 titans
  A deep elf master archer (Elf:3)
  9 acid blobs
  6 sphinxes
  A thorn hunter (Swamp:3)
  An ancient champion (Vaults:2)
  4 shadow dragons
  5 storm dragons
  Frances (D:13)
  Kirke (D:14)
  5 tengu reavers
  Donald (Spider:4)
  2 large abominations (Elf:3)
  5 azure jellies
  3 daevas (Depths:2)
  8 deep elf sorcerers
  4 ghost moths (Spider:4)
  15 vault wardens
  10 frost giants
  13 fire giants
  2 balrugs
  An orc warlord (Orc:2)
  2 draconian scorchers (Depths:5)
  A curse skull (Crypt:1)
  7 emperor scorpions
  Louise (Spider:4)
  3 angels (Depths:2)
  4 spriggan defenders
  3 deep elf elementalists
  2 ghouls
  11 ironheart preservers
  21 very ugly things
  A war gargoyle (Vaults:5)
  2 deep elf demonologists
  31 stone giants
  4 entropy weavers
  A vampire knight (Depths:3)
  A red draconian (Depths:5)
  3 black draconians (Depths:5)
  Azrael (D:14)
  2 white draconians (Depths:5)
  A yellow draconian (Depths:5)
  11 dire elephants
  5 deep elf annihilators (Elf:3)
  9 spark wasps
  6 ettins
  2 blizzard demons (IceCv)
  9 deep elf death magi
  8 deep elf high priests
  2 death oozes
  Josephine (Orc:2)
  16 fire dragons
  33 vault guards
  14 yaktaur captains
  Erolcha (Orc:2)
  10 great orbs of eyes
  15 ice dragons
  A monstrous demonspawn (Depths:2)
  6 spriggan air magi
  30 hydras
  6 centaur warriors
  3 rakshasas
  A ghost crab (Swamp:1)
  2 catoblepae
  An anaconda (Lair:6)
  3 shambling mangroves
  3 death knights
  20 ogre magi
  74 two-headed ogres
  16 dancing weapons
  19 death yaks
  6 tengu warriors
  4 deep troll shamans
  19 alligators
  11 deep troll earth magi
  3 vampire magi
  Urug (D:13)
  A small abomination (Elf:3)
  20 deep elf knights
  10 spriggans
  7 spriggan berserkers
  6 orc high priests
  Sonja (Lair:6)
  A shadow wraith (Vaults:1)
  A titan skeleton (Crypt:1)
  4 hell knights
  8 skeletal warriors
  An iron troll (Depths:3)
  A spriggan druid (Swamp:3)
  2 unseen horrors
  3 glowing orange brains
  An infernal demonspawn (Depths:5)
  8 swamp dragons
  5 cherubim (Depths:2)
  4 wizards
  Pikel (D:7)
  26 deep trolls
  A tengu zombie (Vaults:4)
  4 flayed ghosts
  14 deep elf archers
  A wolf spider zombie (D:15)
  13 ironbrand convokers
  29 wolf spiders
  A torturous demonspawn (Depths:4)
  12 orc knights
  5 phantasmal warriors
  42 deep elf magi
  6 necromancers
  4 orc sorcerers
  An orb spider (shapeshifter) (Elf:1)
  18 orb spiders
  48 ugly things
  3 cyclopes
  3 salamanders (Depths:1)
  73 slime creatures
  3 human zombies (Vaults:5)
  4 manticores
  A human skeleton (Vaults:4)
  A salamander (shapeshifter) (Depths:1)
  A shining eye (Slime:4)
  A fire giant skeleton (Crypt:1)
  Maurice (D:8)
  3 moths of wrath
  A moth of wrath (shapeshifter) (Depths:3)
  A sphinx skeleton (Vaults:4)
  4 elephants (Lair:6)
  A black mamba (shapeshifter) (Vaults:4)
  An orange demon (Depths:3)
  2 smoke demons
  3 black mambas
  A torpor snail (shapeshifter) (Vaults:5)
  7 vault sentinels
  3 centaur skeletons
  A gargoyle (D:12)
  18 spiny frogs
  A komodo dragon (shapeshifter) (Depths:5)
  63 yaktaurs
  4 torpor snails
  4 kobold demonologists
  A rime drake (Lair:5)
  5 demonic crawlers
  10 komodo dragons
  A hellion (Depths:5)
  A rime drake (shapeshifter) (D:15)
  8 ice devils
  8 freezing wraiths
  2 anaconda simulacra (IceCv)
  An efreet (D:14)
  A harpy zombie (Crypt:1)
  A hellwing (Depths:5)
  A queen bee (shapeshifter) (Depths:2)
  A polar bear (Lair:3)
  A hornet (shapeshifter) (Vaults:1)
  3 tengu conjurers
  27 jumping spiders
  3 meliai (D:14)
  11 trolls
  9 tyrant leeches
  A merfolk (shapeshifter) (Vaults:5)
  9 hippogriffs
  A wolf spider simulacrum (IceCv)
  24 hornets
  14 bog bodies
  32 blink frogs
  An ettin zombie (Vaults:5)
  A meliai zombie (D:14)
  2 hippogriffs (shapeshifter)
  An air elemental (Elf:1)
  A black mamba zombie (Crypt:1)
  76 redbacks
  2 ynoxinuls
  6 shadows
  28 tarantellas
  4 wyverns
  2 fire bats (Depths:3)
  7 fire elementals
  A human (D:7)
  A tarantella (shapeshifter) (Vaults:3)
  6 water elementals
  23 yaks
  2 basilisks
  14 wraiths
  4 hogs
  A hog (shapeshifter) (Vaults:3)
  3 hungry ghosts
  8 golden eyes
  2 neqoxecs
  A death yak simulacrum (IceCv)
  30 vampire mosquitoes
  4 wargs
  10 hydra simulacra
  8 insubstantial wisps (Swamp:4)
  5 harpy simulacra (IceCv)
  13 swamp worms
  15 water moccasins
  2 hell hounds (D:14)
  2 iron troll simulacra (IceCv)
  9 porcupines
  6 floating eyes
  Duvessa (D:4)
  2 acid dragons
  A merfolk skeleton (Crypt:1)
  51 orc warriors
  9 swamp drakes
  5 sky beasts
  3 ettin simulacra (IceCv)
  6 ice beasts
  2 phantoms
  A necrophage (D:8)
  An alligator simulacrum (Crypt:1)
  4 black bears
  2 eyes of draining
  53 ogres
  9 boggarts
  14 wolves
  9 centaurs
  17 crocodiles
  A crocodile (shapeshifter) (Depths:1)
  4 big kobolds
  18 bullfrogs
  An earth elemental (Elf:2)
  Dowan (D:4)
  A gnoll sergeant (D:11)
  A hippogriff skeleton (Crypt:1)
  3 scorpions
  A wyvern skeleton (D:10)
  An elephant simulacrum (IceCv)
  17 killer bees
  6 wights
  A swamp dragon simulacrum (IceCv)
  5 electric eels
  7 howler monkeys
  14 crimson imps
  3 jellies
  2 human simulacra
  7 centaur zombies
  2 draconian simulacra (IceCv)
  6 hounds
  4 quasits
  2 bullfrog zombies (D:11)
  A soldier ant zombie (Crypt:1)
  18 orc priests
  3 iron imps
  2 bullfrog skeletons
  2 iguanas
  Natasha (thrice) (D:4)
  27 orc wizards
  A hell rat (D:11)
  2 troll simulacra (IceCv)
  8 worker ants
  A spriggan simulacrum (IceCv)
  2 wolf simulacra (IceCv)
  A centaur simulacrum (IceCv)
  A hound zombie (D:10)
  Robin (D:4)
  10 gnolls
  10 adders
  2 river rats (D:11)
  2 naga simulacra (IceCv)
  An ogre simulacrum (IceCv)
  6 shadow imps
  8 white imps
  10 ufetubi
  An ooze (D:4)
  An adder zombie (D:6)
  A worm (D:3)
  4 dart slugs
  10 leopard geckos
  105 orcs
  5 giant cockroaches
  28 goblins
  17 hobgoblins
  7 quokkas
  4 bats
  3 frilled lizards
  17 kobolds
  A leopard gecko skeleton (D:9)
  7 rats
  A fungus (Lair:6)
  A plant (Lair:6)
2240 creatures vanquished.

Vanquished Creatures (collateral kills)
  A tentacled monstrosity (Depths:3)
  A lich (Depths:3)
  An acid blob (Slime:5)
  An azure jelly (Slime:5)
  A frost giant (Depths:3)
  A spriggan defender (Depths:3)
  A deep elf annihilator (Depths:3)
  A hell beast (Depths:4)
  A spriggan air mage (Depths:3)
  A cherub (Depths:2)
  2 shining eyes
  An eye of devastation (Slime:2)
  A smoke demon (Depths:4)
  An orange demon (Depths:3)
  2 slime creatures
  2 ynoxinuls
  2 golden eyes (Slime:4)
  A chaos spawn (Depths:4)
  A shadow imp (Depths:4)
23 creatures vanquished.

Vanquished Creatures (others)
  A fire giant (Depths:4)
  A vault warden (Vaults:5)
  An ironheart preserver (Vaults:2)
  A stone giant (Depths:5)
  4 yaktaur captains
  A deep elf high priest (Vaults:5)
  A centaur warrior (Depths:1)
  A deep elf knight (Vaults:1)
  A slime creature (Depths:1)
  A deep troll (Depths:5)
  A deep elf archer (Vaults:3)
  A necromancer (Depths:5)
  3 deep elf magi
  13 yaktaurs
  2 water elementals
  4 humans (D:14)
  An ogre (Depths:2)
  3 centaurs
  A shadow imp (Depths:2)
  An ufetubus (Depths:2)
  2 orcs (D:7)
  A quokka skeleton (D:7)
  27 fungi
  11 plants
  6 withered plants (Vaults:4)
90 creatures vanquished.

Grand Total: 2353 creatures vanquished

Notes
Turn   | Place    | Note
-------+----------+-------------------------------------------
     0 | D:1      | nightchill the Gargoyle Fighter began the quest for the
                  | Orb.
     0 | D:1      | Reached XP level 1. HP: 14/14 MP: 1/1
   274 | D:1      | Reached XP level 2. HP: 19/19 MP: 2/2
   485 | D:1      | Reached XP level 3. HP: 24/24 MP: 3/3
   896 | D:1      | You fall into a shaft and drop 1 floor!
   926 | D:2      | Found a faded altar of an unknown god.
  1488 | D:2      | Found an iron altar of Okawaru.
  1502 | D:2      | Became a worshipper of Warmaster Okawaru
  1699 | D:2      | Found a runed translucent door.
  1700 | D:2      | Noticed Crazy Yiuf
  2305 | D:3      | Found a white marble altar of Elyvilon.
  2378 | D:3      | Found a shattered altar of Ashenzari.
  2439 | D:3      | Reached skill level 4 in Fighting
  2439 | D:3      | Reached XP level 4. HP: 27/29 MP: 4/4
  2698 | D:3      | Reached skill level 1 in Invocations
  2738 | D:3      | Noticed an ogre
  2742 | D:3      | Killed an ogre
  2742 | D:3      | Reached XP level 5. HP: 34/34 MP: 4/6
  2897 | D:3      | Reached * piety under Okawaru
  3070 | D:3      | Reached XP level 6. HP: 39/39 MP: 4/7
  3124 | D:3      | Found a snail-covered altar of Cheibriados.
  3426 | D:3      | Reached skill level 5 in Maces & Flails
  3535 | D:4      | Noticed Robin
  3557 | D:4      | Killed Robin
  3601 | D:4      | Reached skill level 5 in Fighting
  3700 | D:4      | Reached XP level 7. HP: 42/44 MP: 9/9
  3757 | D:4      | Noticed Natasha
  3767 | D:4      | Killed Natasha
  3910 | D:4      | Noticed Natasha
  3922 | D:4      | Killed Natasha
  3993 | D:4      | Noticed Dowan
  3993 | D:4      | Noticed Duvessa
  4000 | D:4      | Killed Duvessa
  4010 | D:4      | Killed Dowan
  4065 | D:4      | Noticed Natasha
  4075 | D:4      | Killed Natasha
  4097 | D:4      | Reached ** piety under Okawaru
  4128 | D:4      | Found a stormy altar of Qazlal.
  4130 | D:4      | Noticed a water elemental
  4131 | D:4      | Noticed an air elemental
  4131 | D:4      | Noticed a fire elemental
  4250 | D:4      | Found a glowing golden altar of the Shining One.
  4336 | D:5      | Entered Level 5 of the Dungeon
  4721 | D:5      | Found a staircase to the Ecumenical Temple.
  4857 | D:5      | Got a translucent leather armour
  4976 | D:6      | Found a sparkling altar of Nemelex Xobeh.
  4989 | D:6      | Reached skill level 6 in Fighting
  4989 | D:6      | Reached XP level 8. HP: 33/51 MP: 8/11
  5317 | D:6      | Reached skill level 5 in Invocations
  5474 | D:6      | Found a sacrificial altar of Ru.
  5675 | D:6      | Found a blossoming altar of Fedhas.
  5982 | D:7      | Noticed Pikel
  5993 | D:7      | Killed Pikel
  5993 | D:7      | Reached *** piety under Okawaru
  5993 | D:7      | Reached skill level 7 in Fighting
  5993 | D:7      | Reached XP level 9. HP: 57/57 MP: 10/13
  6227 | D:6      | Reached **** piety under Okawaru
  6348 | D:6      | Reached skill level 8 in Fighting
  6617 | D:7      | Reached skill level 10 in Maces & Flails
  6698 | D:7      | Found a bloodstained altar of Trog.
  6698 | D:7      | Found an ornate altar of the Wu Jian Council.
  6789 | D:8      | Reached XP level 10. HP: 64/64 MP: 15/15
  7018 | D:8      | Found a huge runed translucent gate.
  7018 | D:8      | Found a huge runed translucent gate.
  7018 | D:8      | Found a huge runed translucent gate.
  7018 | D:8      | Found a huge runed translucent gate.
  7018 | D:8      | Noticed a manticore
  7106 | D:8      | Found a flagged portal.
  7113 | Bailey   | Entered a bailey
  7194 | Bailey   | Found an iron altar of Okawaru.
  7194 | Bailey   | Noticed a kobold demonologist
  7194 | Bailey   | Noticed a kobold demonologist
  7219 | Bailey   | Noticed a sun demon
  7221 | Bailey   | Noticed a soul eater
  7226 | Bailey   | Noticed a soul eater
  7228 | Bailey   | Killed a kobold demonologist
  7228 | Bailey   | Reached ***** piety under Okawaru
  7228 | Bailey   | Reached skill level 9 in Fighting
  7238 | Bailey   | Noticed a rust devil
  7239 | Bailey   | Killed a kobold demonologist
  7678 | Bailey   | Noticed an orc knight
  7704 | Bailey   | Killed an orc knight
  7885 | Bailey   | Got a jewelled buckler
  7957 | Bailey   | Received a gift from Okawaru
  8492 | D:8      | Identified the +0 buckler "Boudaj" {rF+} (You found it in a
                  | bailey)
  8539 | D:8      | Reached XP level 11. HP: 67/71 MP: 17/17
  8569 | D:8      | Got a jewelled trident
  8615 | D:8      | Found a basalt altar of Yredelemnul.
  8682 | D:8      | Noticed Maurice
  8691 | D:8      | Killed Maurice
  8749 | D:8      | Found a glowing silver altar of Zin.
  9385 | D:9      | Got a garnet-studded scale mail
  9397 | D:9      | Reached skill level 10 in Fighting
  9677 | D:9      | Found Qebuc's Gadget Shop.
  9805 | D:9      | Found a hide-covered altar of Uskayaw.
  9975 | D:9      | Identified the +8 trident of Valuable Assets {elec, rC+}
                  | (You found it on level 8 of the Dungeon)
 10079 | D:10     | Entered Level 10 of the Dungeon
 10301 | D:10     | Noticed a two-headed ogre
 10322 | D:10     | Killed a two-headed ogre
 10487 | D:10     | Received a gift from Okawaru
 10494 | D:10     | Got a brightly glowing demon whip {god gift}
 10515 | D:10     | Identified the +6 demon whip of Wyrd {freeze, Stlth+}
                  | (Okawaru gifted it to you on level 10 of the Dungeon)
 10552 | D:10     | Found a staircase to the Orcish Mines.
 11657 | D:11     | Noticed a cyclops
 11670 | D:11     | Killed a cyclops
 11885 | D:11     | Noticed a green ugly thing
 11897 | D:11     | Killed a green ugly thing
 11897 | D:11     | Reached skill level 10 in Invocations
 11951 | D:11     | Found a gate leading to a gauntlet.
 11965 | D:11     | Reached XP level 12. HP: 79/79 MP: 19/19
 12226 | D:11     | Reached skill level 11 in Fighting
 12361 | D:11     | Found a staircase to the Lair.
 12362 | D:11     | Noticed a death yak
 12362 | D:11     | Noticed a death yak
 12363 | D:11     | Noticed a death yak
 12380 | D:11     | Killed a death yak
 12380 | D:11     | Received a gift from Okawaru
 12772 | D:11     | Killed a death yak
 12772 | D:11     | Reached skill level 5 in Shields
 12775 | D:11     | Killed a death yak
 12875 | Lair:1   | Entered Level 1 of the Lair of Beasts
 12887 | Lair:1   | Noticed a four-headed hydra
 12901 | Lair:1   | Killed a four-headed hydra
 13168 | Lair:1   | Identified the +1 leather armour of the Sun {rC+ Regen+
                  | SInv} (You found it on level 5 of the Dungeon)
 13178 | Lair:1   | Identified the +7 scale mail "Naguihu" {Int+3} (You found
                  | it on level 9 of the Dungeon)
 13247 | Lair:1   | Reached skill level 5 in Armour
 13640 | Lair:2   | Noticed a six-headed hydra
 13648 | Lair:2   | Killed a six-headed hydra
 13857 | Lair:2   | Found a hole to the Spider Nest.
 14051 | Lair:2   | Received a gift from Okawaru
 14126 | Lair:2   | Noticed a six-headed hydra
 14134 | Lair:2   | Killed a six-headed hydra
 14395 | Lair:2   | Reached XP level 13. HP: 84/85 MP: 20/20
 15022 | Lair:3   | Reached skill level 12 in Fighting
 15534 | Lair:4   | Got a jewelled ring mail
 15551 | Lair:4   | Found a staircase to the Swamp.
 15682 | Lair:4   | Reached skill level 15 in Maces & Flails
 15912 | Lair:4   | Received a gift from Okawaru
 15918 | Lair:4   | Got a faintly glowing demon whip {god gift}
 16050 | Lair:4   | Identified the +2 ring mail of Greed {Regen+ Str+2 Slay-2}
                  | (You found it on level 4 of the Lair of Beasts)
 16061 | Lair:4   | Identified the +8 demon whip of Innocence {pain, MR+ Str+4}
                  | (Okawaru gifted it to you on level 4 of the Lair of Beasts)
 17219 | Lair:6   | Entered Level 6 of the Lair of Beasts
 17252 | Lair:6   | Gained mutation: Your large and strong wings let you fly
                  | indefinitely. [Gargoyle growth]
 17252 | Lair:6   | Reached XP level 14. HP: 91/92 MP: 21/21
 17260 | Lair:6   | Noticed Sonja
 17280 | Lair:6   | Killed Sonja
 17336 | Lair:6   | Found a viscous altar of Jiyva.
 17368 | Lair:6   | Found a staircase to the Slime Pits.
 17426 | Lair:6   | Received a gift from Okawaru
 17458 | Lair:6   | Reached skill level 13 in Fighting
 17609 | Lair:6   | Got a warped scale mail
 17903 | Lair:6   | Reached skill level 1 in Evocations
 18037 | Lair:6   | Identified the +3 scale mail of Bayk {+Fly rElec rF+} (You
                  | found it on level 6 of the Lair of Beasts)
 18589 | Lair:6   | Noticed a dire elephant
 18604 | Lair:6   | Killed a dire elephant
 18677 | Lair:6   | Noticed a dire elephant
 18677 | Lair:6   | Noticed a dire elephant
 18686 | Lair:6   | Killed a dire elephant
 18691 | Lair:6   | Killed a dire elephant
 18843 | Lair:6   | Received a gift from Okawaru
 18949 | Lair:6   | Noticed a dire elephant
 18961 | Lair:6   | Killed a dire elephant
 19017 | Lair:6   | Noticed a dire elephant
 19034 | Lair:6   | Killed a dire elephant
 19606 | D:12     | Found Boso's Gadget Boutique.
 19654 | D:12     | Found a portal to a secret trove of treasure.
 19829 | D:12     | Found Agoygiam's General Store.
 19963 | D:12     | Reached skill level 10 in Shields
 20242 | D:12     | You are sucked into a shaft and drop 1 floor!
 20245 | D:13     | Noticed Frances
 20261 | D:13     | Killed Frances
 20304 | D:12     | Found Homop's General Store.
 20473 | D:12     | Got a fine steel amulet
 20627 | D:12     | Identified the amulet "Fohevez" {Gourm rPois Dex+3} (You
                  | found it on level 12 of the Dungeon)
 20703 | D:13     | Reached XP level 15. HP: 100/100 MP: 22/22
 20855 | D:13     | Reached skill level 10 in Armour
 21003 | D:13     | Learned a level 2 spell: Passwall
 21156 | D:13     | Noticed Urug
 21174 | D:13     | Killed Urug
 21174 | D:13     | Reached skill level 1 in Dodging
 21418 | Orc:1    | Entered Level 1 of the Orcish Mines
 21526 | Orc:1    | Reached skill level 14 in Fighting
 21714 | Orc:2    | Entered Level 2 of the Orcish Mines
 21860 | Orc:2    | Received a gift from Okawaru
 21869 | Orc:2    | Found Xuuc's General Store.
 21945 | Orc:2    | Found Oggesk's General Store.
 22084 | Orc:2    | Found Fiergh's Antique Weapon Shop.
 22089 | Orc:2    | Noticed an orc warlord
 22118 | Orc:2    | Killed an orc warlord
 22169 | Orc:2    | Found a staircase to the Elven Halls.
 22292 | Orc:2    | Found Peqevit's Antique Armour Shop.
 22310 | Orc:2    | Found Roqew's Jewellery Boutique.
 22422 | Orc:2    | Noticed Erolcha
 22466 | Orc:2    | Bought an uncursed ring of protection from magic for 350
                  | gold pieces
 22480 | Orc:2    | Killed Erolcha
 22480 | Orc:2    | Reached skill level 5 in Evocations
 22639 | Orc:2    | Noticed Josephine
 22646 | Orc:2    | Killed Josephine
 23137 | Orc:2    | Bought a scroll of identify for 30 gold pieces
 23708 | D:13     | Found a gate to the Vaults.
 23892 | D:14     | Noticed Kirke
 24102 | D:14     | Killed Kirke
 24496 | D:14     | Noticed Azrael
 24505 | D:14     | Killed Azrael
 24505 | D:14     | Received a gift from Okawaru
 24864 | D:14     | Found a shadowy altar of Dithmenos.
 25223 | D:15     | Entered Level 15 of the Dungeon
 25261 | D:15     | Reached XP level 16. HP: 101/107 MP: 23/23
 25487 | Swamp:1  | Entered Level 1 of the Swamp
 25695 | Swamp:1  | Identified Roxanne's Incunabulum of the Rocks
 25695 | Swamp:1  | Noticed Roxanne
 25984 | Swamp:1  | Reached skill level 15 in Fighting
 26150 | Swamp:1  | Reached skill level 5 in Dodging
 26438 | Swamp:2  | Found a transporter.
 26443 | Swamp:2  | Noticed Felexzeo's ghost (adept NaFi)
 26897 | Swamp:2  | Found a transporter.
 27626 | Swamp:3  | Found a frozen archway.
 27913 | IceCv    | Entered an ice cave
 29153 | Swamp:3  | Noticed a thorn hunter
 29170 | Swamp:3  | Killed a thorn hunter
 29242 | Swamp:3  | Received a gift from Okawaru
 29632 | Swamp:3  | Reached XP level 17. HP: 112/115 MP: 24/24
 30037 | Swamp:3  | Found a runed translucent door.
 30041 | Swamp:3  | Noticed Nebesus's ghost (adept GrFi)
 30328 | Swamp:4  | Entered Level 4 of the Swamp
 30503 | Swamp:4  | Reached skill level 16 in Fighting
 30827 | Swamp:4  | Noticed the 27-headed Lernaean hydra
 30835 | Swamp:4  | Killed the 27-headed Lernaean hydra
 31454 | Swamp:4  | Got a decaying rune of Zot
 31925 | Spider:1 | Entered Level 1 of the Spider Nest
 32121 | Spider:1 | Received a gift from Okawaru
 32124 | Spider:1 | Got a bronze chain mail {god gift}
 32162 | Spider:1 | Identified the +2 chain mail "Jocioskoi" {rPois MR+ rCorr}
                  | (Okawaru gifted it to you on level 1 of the Spider Nest)
 32204 | Spider:1 | Reached skill level 15 in Shields
 32428 | Spider:1 | Reached skill level 1 in Earth Magic
 32581 | Spider:1 | Reached skill level 1 in Transmutations
 33539 | Spider:2 | Reached XP level 18. HP: 105/122 MP: 25/25
 34269 | Spider:3 | Noticed Arachne
 34285 | Spider:2 | Learned a level 5 spell: Silence
 34414 | Spider:3 | Reached skill level 1 in Hexes
 34477 | Spider:3 | Killed Arachne
 34516 | Spider:3 | Reached skill level 5 in Earth Magic
 34524 | Spider:3 | Reached skill level 17 in Fighting
 34981 | Spider:4 | Entered Level 4 of the Spider Nest
 35076 | Spider:4 | Noticed Asterion
 35107 | Spider:4 | Killed Asterion
 35292 | Spider:4 | Received a gift from Okawaru
 35716 | Spider:4 | Noticed Donald
 35742 | Spider:4 | Killed Donald
 35881 | Spider:4 | Noticed Nikola
 35902 | Spider:4 | Killed Nikola
 36590 | Spider:4 | Received a gift from Okawaru
 36590 | Spider:4 | Reached skill level 5 in Hexes
 36876 | Spider:4 | Got a gossamer rune of Zot
 37057 | Spider:4 | Noticed Louise
 37075 | Spider:4 | Killed Louise
 37328 | Spider:2 | Learned a level 3 spell: Tukima's Dance
 37637 | D:15     | Received a gift from Okawaru
 37653 | D:15     | Reached XP level 19. HP: 116/130 MP: 24/26
 37791 | D:15     | Identified the Catalogue of Igneous Arcane Weapons
 37854 | D:15     | Reached skill level 10 in Dodging
 38081 | D:15     | Reached skill level 18 in Fighting
 38255 | D:15     | Paralysed by a floating eye for 3 turns
 38329 | D:15     | Paralysed by a floating eye for 2 turns
 38697 | D:15     | Found a staircase to the Depths.
 38984 | Elf:1    | Entered Level 1 of the Elven Halls
 39871 | Elf:1    | Received a gift from Okawaru
 40169 | Elf:1    | Found a runed translucent gate.
 40169 | Elf:1    | Found a runed translucent gate.
 40169 | Elf:1    | Found a runed translucent gate.
 40169 | Elf:1    | Found a runed translucent gate.
 40169 | Elf:1    | Found a runed translucent gate.
 40172 | Elf:1    | Found a runed translucent gate.
 41119 | Elf:2    | Reached skill level 1 in Air Magic
 41265 | Elf:2    | Found a huge runed translucent gate.
 41265 | Elf:2    | Found a huge runed translucent gate.
 41265 | Elf:2    | Found a huge runed translucent gate.
 41267 | Elf:2    | Found a huge runed translucent gate.
 41273 | Elf:2    | Found a huge runed translucent gate.
 41344 | Elf:2    | Noticed Saint Roka
 41763 | Vaults:1 | Entered Level 1 of the Vaults
 41844 | Vaults:1 | Reached XP level 20. HP: 116/137 MP: 27/27
 42674 | Vaults:1 | Reached skill level 19 in Fighting
 43123 | Vaults:1 | Received a gift from Okawaru
 44354 | Vaults:2 | Found a staircase to the Crypt.
 44354 | Vaults:2 | Found an ancient bone altar of Kikubaaqudgha.
 44354 | Vaults:2 | Found a basalt altar of Yredelemnul.
 44475 | Vaults:2 | Found a flickering gateway to a bazaar.
 44501 | Bazaar   | Entered a bazaar
 44509 | Bazaar   | Found Sisufizo's Jewellery Shop.
 44509 | Bazaar   | Found Xuorhuehu's Book Shop.
 44560 | Bazaar   | Bought a manual of Spellcasting for 1214 gold pieces
 44560 | Bazaar   | Bought a book of Beasts for 605 gold pieces
 44572 | Bazaar   | Bought an uncursed ring of wizardry for 390 gold pieces
 44572 | Bazaar   | Bought the amulet "Eguczeet" {Acrobat Dex+8} for 699 gold
                  | pieces
 44663 | Vaults:2 | Reached skill level 1 in Spellcasting
 44787 | Vaults:2 | Reached skill level 5 in Air Magic
 45307 | Vaults:2 | Received a gift from Okawaru
 45493 | Vaults:2 | Noticed Sojobo
 45501 | Vaults:2 | Reached XP level 21. HP: 143/144 MP: 23/28
 45648 | Vaults:2 | Killed Sojobo
 45784 | Vaults:2 | Learned a level 6 spell: Darkness
 45939 | Vaults:2 | Reached skill level 10 in Hexes
 46099 | Vaults:3 | Reached skill level 5 in Spellcasting
 46175 | Vaults:3 | Received a gift from Okawaru
 47008 | Vaults:3 | Reached ****** piety under Okawaru
 47091 | Vaults:3 | Received a gift from Okawaru
 47775 | Vaults:3 | Learned a level 1 spell: Summon Butterflies
 48141 | Vaults:4 | Found Pul Ivac's Assorted Antiques.
 48555 | Vaults:4 | Noticed Frederick
 48595 | Vaults:4 | Killed Frederick
 48743 | Vaults:4 | Reached skill level 20 in Fighting
 49299 | Vaults:4 | Learned a level 5 spell: Summon Mana Viper
 49586 | Vaults:4 | Found a runed translucent gate.
 49586 | Vaults:4 | Found a runed translucent gate.
 49587 | Vaults:4 | Noticed Plog's ghost (adept CeCj)
 49588 | Vaults:4 | Found a runed translucent gate.
 49592 | Vaults:4 | Noticed Dacon's ghost (adept MiGl)
 49645 | Vaults:4 | Reached skill level 1 in Summonings
 50013 | Vaults:4 | Bought an ichor-stained ring mail for 252 gold pieces
 50013 | Vaults:4 | Identified the cursed +0 ring mail "Ceonali" {MR+ Regen+
                  | rCorr Str-5} (You bought it in a shop on level 4 of the
                  | Vaults)
 50317 | Depths:1 | Entered Level 1 of the Depths
 50332 | Depths:1 | Reached XP level 22. HP: 124/152 MP: 27/34
 50372 | Depths:1 | Found a gateway to a ziggurat.
 50483 | Depths:1 | Found Mihuzy's Armour Shop.
 50637 | D:15     | Found the +2 pair of boots of the Assassin {Detection Stab+
                  | Stlth++}
 50649 | D:15     | Got a pair of pitted gloves
 50660 | D:15     | Identified the +0 pair of gloves "Woonyfaf" {-Tele rPois
                  | rF++ MP+9} (You acquired it on level 15 of the Dungeon)
 50674 | D:15     | Got a dazzling eveningstar
 50675 | D:15     | Identified the +5 eveningstar of Tenacity {antimagic, +Fly
                  | rN++ Str+2} (You acquired it on level 15 of the Dungeon)
 50815 | D:15     | Got a pair of faintly humming gloves
 50828 | D:15     | Identified the +0 pair of gloves of Pragmatism {+Inv Str+4}
                  | (You acquired it on level 15 of the Dungeon)
 50845 | D:15     | Got a faintly humming buckler
 50856 | D:15     | Identified the +0 buckler "Riujigah" {MR+} (You acquired it
                  | on level 15 of the Dungeon)
 51342 | D:12     | Bought a scroll of enchant armour for 75 gold pieces
 51528 | D:15     | Received a gift from Okawaru
 51537 | D:15     | Got a brightly glowing plate armour {god gift}
 52115 | Depths:1 | Identified the +7 plate armour of the Arcane {Dex+8 Stlth-}
                  | (Okawaru gifted it to you on level 15 of the Dungeon)
 52487 | Depths:1 | You are sucked into a shaft and drop 1 floor!
 52634 | Depths:1 | Found a gateway to Hell.
 52800 | Depths:1 | Reached skill level 15 in Armour
 52808 | Depths:1 | Reached skill level 10 in Spellcasting
 52942 | Depths:1 | Noticed a juggernaut
 53650 | Depths:2 | Gained mutation: You expend magic power (3 MP) to
                  | strengthen your wands. [a neqoxec]
 53682 | Depths:2 | Found a one-way gate leading to the halls of Pandemonium.
 53840 | Depths:2 | Identified the cursed +2 broad axe "Fuakathi" {chop, rF-
                  | Int+2 SInv} (You found it on level 2 of the Depths)
 53868 | Depths:2 | Received a gift from Okawaru
 53879 | Depths:2 | Identified the +12 plate armour of Virtue {MR+ Dex+2}
                  | (Okawaru gifted it to you on level 2 of the Depths)
 53981 | Depths:2 | Reached skill level 5 in Summonings
 54204 | Depths:2 | Found a one-way gate to the infinite horrors of the Abyss.
 55821 | Depths:2 | Found a glowing silver altar of Zin.
 55821 | Depths:2 | Noticed Mennas
 55896 | Depths:2 | Killed Mennas
 55896 | Depths:2 | Reached XP level 23. HP: 84/158 MP: 2/38
 57417 | Depths:3 | Noticed a caustic shrike
 57417 | Depths:3 | Noticed a caustic shrike
 57432 | Depths:3 | Killed a caustic shrike
 57461 | Depths:3 | Noticed a caustic shrike
 57501 | Depths:3 | Gained mutation: You are dopey. (Int -2) [a neqoxec]
 57955 | Depths:3 | Reached skill level 21 in Fighting
 57973 | Depths:3 | Received a gift from Okawaru
 58055 | Depths:3 | Identified the +2 shortbow of Conservatism {flame, rElec}
 58132 | Depths:3 | Noticed a caustic shrike
 58139 | Depths:3 | Noticed a caustic shrike
 58145 | Depths:3 | Killed a caustic shrike
 58148 | Depths:3 | Noticed a caustic shrike
 58150 | Depths:3 | Noticed a caustic shrike
 58883 | Depths:3 | Killed a caustic shrike
 58930 | Depths:3 | Killed a caustic shrike
 60033 | Depths:3 | Noticed a juggernaut
 60064 | Depths:2 | Killed a caustic shrike
 60560 | Depths:3 | Noticed an ancient lich
 60564 | Depths:3 | Noticed a caustic shrike
 60593 | Depths:2 | Killed a caustic shrike
 60768 | Depths:3 | Killed a caustic shrike
 60924 | Depths:3 | Noticed a caustic shrike
 60939 | Depths:3 | Killed an ancient lich
 60970 | Depths:2 | Killed a caustic shrike
 60970 | Depths:2 | Received a gift from Okawaru
 61619 | Swamp:2  | Reached XP level 24. HP: 166/166 MP: 38/38
 61990 | Crypt:1  | Entered Level 1 of the Crypt
 63191 | Depths:3 | Killed a juggernaut
 63318 | Depths:3 | Noticed a caustic shrike
 63335 | Depths:3 | Killed a caustic shrike
 63662 | Depths:3 | Learned a level 2 spell: Blink
 63763 | Depths:3 | Reached skill level 1 in Translocations
 64014 | Depths:1 | Killed a juggernaut
 64427 | Swamp:2  | Killed Felexzeo's ghost
 64432 | Swamp:2  | Got a shimmering helmet
 64828 | Depths:3 | Identified the +1 helmet of Lafioneq {rCorr Str-2 Int+3
                  | Stlth+} (You found it on level 2 of the Swamp)
 65324 | Depths:4 | Found Teoludgh's Jewellery Boutique.
 65393 | Depths:4 | Reached skill level 1 in Throwing
 65535 | Depths:4 | Reached skill level 1 in Stealth
 65664 | Depths:4 | Got a crude scale mail
 65665 | Depths:4 | Identified the cursed +1 scale mail of the Battered People
                  | {rElec rPois MR+ Regen+} (You found it on level 4 of the
                  | Depths)
 65759 | Depths:4 | Reached skill level 22 in Fighting
 65816 | Depths:4 | Received a gift from Okawaru
 65907 | Depths:4 | Found Tyenones's Gadget Emporium.
 65908 | Depths:4 | Found Kusuamm's Jewellery Boutique.
 65982 | Depths:4 | Found Fimed's Gadget Emporium.
 66564 | Depths:5 | Entered Level 5 of the Depths
 66713 | Depths:4 | Reached skill level 5 in Stealth
 67042 | Depths:4 | Received a gift from Okawaru
 67416 | Depths:5 | Reached XP level 25. HP: 173/173 MP: 38/38
 67884 | Depths:5 | Paralysed by a floating eye for 2 turns
 67891 | Depths:5 | Paralysed by a floating eye for 4 turns
 68138 | Depths:5 | Received a gift from Okawaru
 68264 | Depths:5 | Reached skill level 10 in Evocations
 68542 | Depths:5 | Found Zasmufi's Antique Weapon Emporium.
 68840 | Depths:5 | Found a corrupted altar of Lugonu.
 69184 | Depths:5 | Received a gift from Okawaru
 69282 | Depths:5 | Found a gate to the Realm of Zot.
 69293 | Depths:5 | Reached skill level 10 in Stealth
 69969 | D:12     | Bought 6 curare-tipped darts for 36 gold pieces
 70358 | D:12     | You paid a toll of a +6 demon trident to enter a treasure
                  | trove
 70359 | Trove    | Entered a treasure trove
 70362 | Trove    | Found the +7 sceptre of Torment {pain, torment}
 70362 | Trove    | Found the +9 heavy crossbow "Sniper" {velocity, Acc+∞ SInv}
 70366 | Trove    | Got a scorched eveningstar
 70385 | Trove    | Identified the +2 eveningstar "Joffio" {crush, rPois rC+
                  | Stlth+} (You found it in a treasure trove)
 70399 | Trove    | Got a shimmering longbow
 70424 | Trove    | Identified the +7 longbow of Forced Transition {speed, rC-
                  | Str+7 Dex+4 Stlth-} (You found it in a treasure trove)
 70599 | Elf:3    | Entered Level 3 of the Elven Halls
 71141 | Elf:3    | Received a gift from Okawaru
 71329 | Elf:3    | Got an ichor-stained chain mail {god gift}
 71402 | Elf:2    | Identified the +8 chain mail "Fatsig" {rC++} (Okawaru
                  | gifted it to you on level 3 of the Elven Halls)
 72104 | Orc:2    | Bought a potion of might for 56 gold pieces
 72104 | Orc:2    | Bought a potion of invisibility for 112 gold pieces
 72104 | Orc:2    | Bought a potion of cancellation for 112 gold pieces
 72413 | Vaults:5 | Entered Level 5 of the Vaults
 72444 | Vaults:4 | Reached XP level 26. HP: 60/180 MP: 32/38
 73239 | Vaults:5 | Identified the cursed +3 whip of the Coward {protect, +Inv
                  | Int+5 Dex+2}
 73247 | Vaults:5 | Identified the amulet "Zeywn" {rElec MR+ Regen+ Int+3}
 73507 | Vaults:5 | Noticed an ancient lich
 73653 | Vaults:5 | Killed an ancient lich
 73653 | Vaults:5 | Received a gift from Okawaru
 73847 | Vaults:5 | Reached skill level 23 in Fighting
 74021 | Vaults:5 | Noticed an ancient lich
 74043 | Vaults:5 | Killed an ancient lich
 74314 | Vaults:5 | Identified the Collected Works on Transformation
 74435 | Vaults:5 | Received a gift from Okawaru
 75881 | Vaults:5 | Reached skill level 15 in Stealth
 76114 | Vaults:5 | Got a silver rune of Zot
 76308 | Vaults:5 | Got a translucent silver ring
 76311 | Vaults:5 | Identified the ring "Vaer" {Wiz Int+4} (You found it on
                  | level 5 of the Vaults)
 76391 | Vaults:5 | Got a smoking ring mail
 76402 | Vaults:5 | Identified the +0 ring mail of the Cuttlefish {+Inv rC+}
                  | (You found it on level 5 of the Vaults)
 76688 | Vaults:5 | Got a scorched shield
 76699 | Vaults:5 | Identified the +0 shield of Birdsong {rN+ MR+ Int+5 Dex-3}
                  | (You acquired it on level 5 of the Vaults)
 77843 | Lair:3   | Learned a level 3 spell: Portal Projectile
 79088 | Slime:1  | Entered Level 1 of the Pits of Slime
 79112 | Slime:1  | Reached XP level 27. HP: 185/189 MP: 36/38
 79368 | Lair:6   | Received a gift from Okawaru
 79992 | Slime:3  | Reached skill level 24 in Fighting
 80018 | Slime:5  | Entered Level 5 of the Pits of Slime
 80070 | Slime:5  | Noticed the Royal Jelly
 83659 | Slime:4  | Gained mutation: Scrolls take you a little longer to read.
                  | [a shining eye]
 83664 | Slime:4  | Gained mutation: You are weak. (Str -2) [a shining eye]
 83686 | Slime:4  | Demolished by an enormous slime creature

Levels and vault maps discovered:
D:1:      lemuel_arrival_behind_the_door_large, layout_basic
D:2:      layout_loops_corners, lemuel_coloured_pillars_altar,
          chequers_ecumenical_altar_island, first_ration,
          hangedman_decor_peaks_small, uniq_crazy_yiuf_cottage
D:3:      layout_loops_corners, cheibrodos_ashenzari_chains,
          cheibriados_altar_1, elyvilon_altar_4,
          minmay_fractal_squares_diagonal_5
D:4:      layout_cave_pools, nicolae_qazlal_style_of_elements,
          marbit_many_paths, uniq_natasha, uniq_duvessa, uniq_robin
D:5:      layout_loops_cross, minmay_temple_entry_enclosed_plants
D:6:      layout_basic, kennysheep_mini_moat, kennysheep_little_box, basic_altar
D:7:      layout_cave_pools, gammafunk_temple_overflow_statue, grunt_livestock,
          uniq_pikel
D:8:      lemuel_bear_cage, layout_loops_cross, zin_statuary,
          overflow_temple_1_default, enter_bailey_3, uniq_maurice
D:9:      layout_irregular_city, lemuel_round_altar, serial_shops,
          nicolae_shop_temple_entry_statues_fountains
D:10:     layout_loops_corners, orc_0_dummy, billiards_dpeg
D:11:     layout_irregular_city, dpeg_lair_monsters, gauntlet_entry_generic
D:12:     layout_basic, enter_trove_3, serial_shops, shop_fountains, shop,
          kennysheep_mini, st_stairs_4
D:13:     layout_gridville, erik_vaults_2, uniq_urug, uniq_frances
D:14:     layout_small_grid, minmay_strange_pillars, minmay_misc_feat_five,
          grunt_dithmenos_smoke_and_mirrors, uniq_azrael, uniq_kirke
D:15:     grunt_enter_depths_snipers, layout_cave_pools,
          hangedman_decor_clover_reticule, onia_ninara_cookie
Lair:1:   layout_cave_shapes, grunt_megastairs_2
Lair:2:   layout_cave_pods, spider_nest_entry_a, infiniplex_staircase_pool_2
Lair:3:   layout_gridlike
Lair:4:   layout_roguey, minmay_swamp_entry_reptiles, serial_bayou_shore_a,
          grunt_megastairs_5
Lair:5:   layout_long_grid, minmay_lair_oklob_chamber,
          infiniplex_staircase_pool, serial_bayou_shore_b
Lair:6:   due_jungle_book, layout_regular_city, slime_altar_1, uniq_sonja
Swamp:1:  layout_basic_swamp, serial_swamp_ruin, evilmike_swamp_ruin_house_2,
          evilmike_swamp_ruin_house_6, uniq_roxanne
Swamp:2:  layout_falls_marsh, gammafunk_ghost_berserking_beasts,
          evilmike_swamp_ruin_rubble_1, nicolae_swamp_baby_hydras
Swamp:3:  layout_falls_marsh, gammafunk_ghost_grave,
          portal_ice_cave_entry_ugly_swarm, evilmike_swamp_ruin_house_4,
          swamp_pool1
Swamp:4:  grunt_swamp_rune_castle, layout_basic_swamp
Spider:1: layout_spider_delve, hangedman_spider_tarantella_strand
Spider:2: layout_spider_delve
Spider:3: layout_spider_delve, uniq_arachne
Spider:4: grunt_spider_rune_circles, nicolae_spider_circle_web, hive_lemuel,
          uniq_asterion, uniq_donald, uniq_louise, uniq_nikola
Slime:1:  layout_caves
Slime:2:  layout_caves
Slime:3:  layout_caves
Slime:4:  layout_caves
Slime:5
Orc:1:    layout_diamond_mine
Orc:2:    grunt_orc_gardens, layout_caves, grunt_orc_garden, grunt_orc_garden,
          grunt_orc_garden, grunt_orc_garden, serial_shops, shop_fountains,
          uniq_josephine, uniq_erolcha
Elf:1:    layout_loops_corners, orc_legates
Elf:2:    layout_geoelf_diagonals, uniq_saint_roka
Elf:3:    minmay_elf_hall_statues, layout_geoelf_octagon
Vaults:1: v_rooms_2, nicolae_vaults_network_square, v_alt_pattern_6,
          nicolae_vaults_big_angled_halls, nicolae_vaults_rhombus_5,
          grunt_vaults_diagonal, vaults_mumra_hexcomb, v_alt_pattern_2,
          hangedman_vaults_trim, layout_vaults_big_room
Vaults:2: vaults_room_pools, v_pattern_2, nicolae_vaults_statue_guard,
          minmay_crypt_entry_necro_gods, vaults_room_fancy_cross,
          vaults_room_door_ring, vaults_dpeg_spiral, hangedman_vaults_cutoff,
          v_alt_pattern_1, vaults_dpeg_hooks, v_misc_24, layout_vaults_maze,
          serial_shops, bzr_entry_gold, uniq_sojobo
Vaults:3: vaults_room_fancy_cross, nicolae_vaults_specimen_jars, v_misc_23,
          v_pattern_4, nicolae_vaults_windows_and_doors_thing, v_rooms_3,
          vaults_standard_mumra_x, nicolae_vaults_little_squares_4,
          nicolae_vaults_border_crossing, layout_vaults_ring
Vaults:4: gammafunk_vaults_ghost_cemetery, nicolae_vaults_rhombus_5, v_misc_17,
          nicolae_vaults_circle_grid_b, vaults_room_grid, v_misc_8,
          vaults_room_corners, nicolae_vaults_hallways_thing,
          nicolae_vaults_mini_display_case, layout_vaults_quadrants,
          serial_shops, shop, uniq_frederick
Vaults:5
Crypt:1:  lemuel_vampire_tower, layout_regular_city
Depths:1: cheibrodos_hall_of_evolution, layout_cave_shapes, ziggurat_fallback,
          serial_shops, nicolae_shop_competitors_out_of_business, hell_entry,
          nicolae_twisting_strands, solitary_fountain, drop_trap, kb_rosetta
Depths:2: evilmike_silver_temple, layout_basic, abyss_entry,
          minmay_misc_feat_pillars, pf_coc_iceberg, grunt_pan_entry_sceptre
Depths:3: grunt_twisty_corner, layout_gridlike, rand_demon_pan_entry_3,
          hell_entry, skrybe_limestone_x
Depths:4: kennysheep_ogre_elephant_herders, layout_gridlike,
          grunt_pan_entry_in_and_out, serial_shops, shop, abyss_entry_crystal,
          hell_entry, minmay_shop_grove, infiniplex_staircase_diamond
Depths:5: grunt_zot_entry_gee_three, layout_gridlike, serial_shops, shop,
          serial_glass, glass_columns_b, glass_columns_b,
          grunt_pan_entry_spiral, hell_entry, abyss_entry_flame_altar,
          hangedman_abyss_or_decor_lesser_grid, grunt_ministairs_7,
          hangedman_corner_corridor

Skill      XL: |  1  2  3  4  5  6  7  8  9 10 11 12 13 14 15 16 17 18 19 20 21 22 23 24 25 26 27 |
---------------+----------------------------------------------------------------------------------+-----
Maces & Flails | 3 4 5 6 8 10 11 13 14 15 16 | 16.0
Fighting       | 4 5 6 7 8 9 10 11 12 13 14 15 16 17 18 19 20 21 22 23 24 | 24.1
Invocations    | 1 2 3 4 6 7 8 10 | 10.0
Shields        | 4 6 8 10 11 13 15 | 15.0
Armour         | 6 8 9 10 12 13 14 15 16 17 | 17.5
Evocations     | 3 6 8 9 11 13 | 13.8
Dodging        | 4 6 8 9 10 | 10.7
Earth Magic    | 3 6 |  6.0
Transmutations | 2 3 |  3.0
Hexes          | 5 8 9 11 12 13 | 13.3
Air Magic      | 2 5 7 |  7.0
Spellcasting   | 4 8 11 | 11.2
Summonings     | 1 5 8 |  8.5
Translocations | 3 |  3.6
Throwing       | 2 |  2.0
Stealth        | 5 11 15 16 | 16.0

Action                   |  1- 3 |  4- 6 |  7- 9 | 10-12 | 13-15 | 16-18 | 19-21 | 22-24 | 25-27 || total
-------------------------+-------+-------+-------+-------+-------+-------+-------+-------+-------++-------
Melee: Flail             |   141 |   129 |       |    17 |    54 |    78 |     9 |       |       ||   428
       Morningstar       |       |    76 |   324 |   505 |       |       |       |       |       ||   905
       Demon whip        |       |       |       |   301 |  1254 |  1771 |  2126 |  1673 |  1162 ||  8287
       Eveningstar       |       |       |       |       |       |       |       |   220 |   147 ||   367
       Sacred scourge    |       |       |       |       |       |       |       |   136 |    92 ||   228
 Fire: Longbow           |       |       |       |       |       |       |       |       |     7 ||     7
Throw: Dart              |       |       |     1 |       |     8 |       |       |     7 |       ||    16
       Boomerang         |       |       |     1 |       |       |       |       |       |       ||     1
 Cast: Passwall          |       |       |       |       |       |     1 |       |     3 |       ||     4
       Silence           |       |       |       |       |       |       |    21 |    20 |    14 ||    55
       Darkness          |       |       |       |       |       |       |     3 |     2 |    16 ||    21
       Summon Butterflie |       |       |       |       |       |       |     1 |     1 |     7 ||     9
       Summon Mana Viper |       |       |       |       |       |       |       |    42 |    10 ||    52
       Blink             |       |       |       |       |       |       |       |       |     1 ||     1
       Portal Projectile |       |       |       |       |       |       |       |       |     2 ||     2
Invok: Heroism           |       |     3 |    11 |    22 |    38 |    54 |    33 |    27 |    22 ||   210
       Finesse           |       |       |       |     3 |    11 |     8 |     1 |     5 |       ||    28
 Abil: Fly               |       |       |       |       |     1 |       |       |     3 |       ||     4
       Stop Flying       |       |       |       |       |       |       |     1 |     3 |       ||     4
       Evoke Invisibilit |       |       |       |       |       |       |       |     3 |    31 ||    34
Evoke: Wand              |       |     3 |       |     2 |       |     3 |       |     6 |       ||    14
       Phantom mirror    |       |       |       |       |       |     1 |       |       |       ||     1
  Use: Scroll            |       |       |     5 |    15 |     8 |    10 |    10 |    44 |    16 ||   108
       Potion            |       |       |       |     1 |       |     1 |     1 |     8 |     5 ||    16
 Stab: Sleeping          |       |       |       |     1 |     4 |     7 |       |    10 |     6 ||    28
       Distracted        |       |       |       |       |       |     4 |       |     4 |     5 ||    13
       Invisible         |       |       |       |       |       |       |       |    10 |    63 ||    73
  Eat: Chunk             |     4 |     5 |    10 |    22 |    36 |    23 |    52 |    33 |    15 ||   200
       Ration            |       |       |       |     1 |       |     5 |       |    13 |    19 ||    38
Armor: Scale mail        |    67 |   135 |   175 |    39 |       |       |       |    56 |   396 ||   868
       Ring mail         |       |       |       |   230 |       |       |       |       |       ||   230
       Leather armour    |       |       |       |    16 |   256 |   585 |   316 |   280 |       ||  1453
Dodge: Dodged            |    43 |    71 |    84 |   373 |   491 |   751 |   647 |   751 |   572 ||  3783
       Deflected         |       |       |       |       |       |       |    17 |    35 |    27 ||    79
Block: Shield            |    89 |   126 |   140 |    88 |       |   735 |   946 |  1337 |   807 ||  4268
       Buckler           |       |       |       |   127 |   220 |   127 |       |       |       ||   474
       Reflection        |       |       |       |       |       |       |   137 |    91 |    34 ||   262
